Map: Catalyst LE

Players

MaNa

  • Race: Protoss Protoss
  • Spawn Location: 5:00

Lambo - Winner!

  • Race: Zerg Zerg
  • Spawn Location: 11:00

Event: WCS Leipzig 2018

VOD

Have the link to the VOD?

Description

Time

  • Played on: Jan. 26, 2018, 9:19 a.m.
  • Length: 9:12

All games in this series

Show
View Real Time Build Order
Export as new Build Order

MaNa Protoss 

Build Orders: 1 Gate Expand, Oracle Opening, Phoenix Opening 

Get SALT Encoding   

  12  0:00  Probe  
  13  0:12  Probe  
  14  0:19  Pylon  
  14  0:24  Probe  
  15  0:38  Probe (Chrono Boost)  
  16  0:45  Gateway  
  16  0:47  Probe (Chrono Boost)  
  16  0:49  Assimilator  
  17  0:52  Probe (Chrono Boost)  
  19  1:04  Probe (Chrono Boost)  
  20  1:11  Probe (Chrono Boost)  
  20  1:28  Nexus  
  20  1:38  Cybernetics Core  
  20  1:41  Probe  
  20  1:47  Assimilator  
  21  1:53  Probe  
  22  1:57  Pylon  
  22  2:05  Probe  
  23  2:13  Adept (Chrono Boost)  
  23  2:15  Warp Gate  
  25  2:17  Probe  
  26  2:24  Stargate  
  26  2:29  Probe  
  27  2:33  Adept  
  29  2:40  Probe  
  29  2:41  Probe  
  31  2:52  Probe  
  31  2:54  Probe  
  33  3:00  Adept  
  33  3:04  Probe (Chrono Boost)  
  36  3:06  Probe (Chrono Boost)  
  36  3:07  Phoenix  
  39  3:16  Probe (Chrono Boost)  
  39  3:18  Probe (Chrono Boost)  
  41  3:23  Probe x2 (Chrono Boost)  
  41  3:26  Pylon  
  43  3:33  Gateway x2  
  43  3:36  Probe  
  43  3:37  Probe  
  45  3:47  Twilight Council  
  45  3:48  Probe  
  45  3:49  Probe  
  45  3:52  Oracle  
  50  3:59  Pylon  
  50  4:09  Gateway  
  50  4:10  Gateway  
  50  4:12  Gateway  
  50  4:20  Resonating Glaives (Chrono Boost)  
  50  4:23  Adept  
  52  4:27  Adept x2  
  52  4:30  Pylon  
  56  4:37  Probe x2  
  58  4:42  Pylon  
  58  4:48  Adept  
  58  4:49  Adept x2  
  64  5:06  Nexus  
  64  5:09  Adept x3  
  70  5:17  Adept  
  70  5:18  Adept x2  
  76  5:22  Pylon  
  76  5:26  Robotics Facility  
  76  5:30  Adept  
  77  5:48  Adept x5  
  77  6:00  Assimilator  
  77  6:01  Assimilator  
  73  6:07  Probe  
  68  6:14  Adept x6  
  76  6:23  Probe  
  77  6:32  Immortal (Chrono Boost)  
  77  6:36  Probe x2 (Chrono Boost)  
  77  6:43  Sentry  
  77  6:44  Adept x2  
  77  6:46  Probe (Chrono Boost)  
  86  6:48  Probe x2 (Chrono Boost)  
  86  6:53  Probe (Chrono Boost)  
  87  6:54  Probe (Chrono Boost), Sentry  
  90  7:06  Warp Prism (Chrono Boost)  
  90  7:12  Adept x5  
  88  7:28  Adept  
  86  7:37  Adept x5  
  70  7:40  Immortal (Chrono Boost)  
  74  7:50  Cybernetics Core  
  74  7:54  Zealot  
  74  7:57  Zealot x4  
  62  8:19  Zealot x2  
  43  8:20  Zealot x3  
  41  8:27  Adept  
  38  8:41  Adept x2  
  36  8:52  Adept  
  36  9:03  Adept  
  36  9:05  Adept  
Show
View Real Time Build Order
Export as new Build Order

Lambo Zerg - Winner!

Build Orders: Hatch First 

Get SALT Encoding   

  12  0:00  Drone  
  13  0:12  Overlord  
  13  0:16  Drone  
  14  0:31  Drone x2  
  16  0:49  Hatchery  
  15  0:52  Drone  
  15  0:55  Drone  
  17  0:59  Drone  
  18  1:09  Extractor  
  17  1:14  Spawning Pool  
  17  1:17  Drone  
  17  1:21  Drone  
  18  1:28  Drone  
  19  1:38  Drone  
  20  1:50  Overlord  
  20  2:00  Queen x2  
  24  2:01  Zergling x4  
  26  2:11  Drone, Metabolic Boost  
  26  2:13  Drone  
  29  2:22  Drone  
  29  2:23  Drone  
  30  2:37  Hatchery  
  30  2:41  Drone  
  30  2:43  Overlord  
  30  2:46  Drone  
  30  2:50  Drone  
  32  2:56  Drone x2  
  34  2:59  Queen  
  36  3:05  Zergling x2  
  36  3:10  Drone x2  
  36  3:11  Overlord  
  39  3:13  Drone  
  39  3:16  Drone  
  39  3:18  Drone  
  42  3:20  Drone  
  42  3:24  Drone  
  44  3:31  Spore Crawler  
  44  3:33  Drone x2  
  45  3:39  Drone x3  
  45  3:40  Lair  
  48  3:44  Queen  
  50  3:49  Overlord  
  50  3:51  Overlord  
  50  3:59  Spore Crawler  
  50  4:01  Drone  
  50  4:02  Extractor  
  49  4:03  Drone, Extractor  
  49  4:07  Drone x3  
  52  4:10  Drone x2  
  52  4:11  Spore Crawler  
  52  4:12  Drone  
  52  4:15  Drone  
  55  4:17  Baneling Nest  
  55  4:18  Drone  
  55  4:22  Drone  
  56  4:24  Drone x2  
  56  4:30  Drone  
  59  4:31  Overlord  
  59  4:37  Zergling x6  
  59  4:38  Zergling x4  
  64  4:40  Hydralisk Den  
  64  4:43  Overlord  
  62  4:48  Zergling x6  
  62  4:52  Overlord  
  65  4:53  Overlord  
  65  4:58  Drone x2  
  67  5:12  Hydralisk x4  
  67  5:14  Muscular Augments  
  75  5:15  Overlord  
  75  5:19  Hydralisk  
  76  5:23  Zergling x4  
  76  5:24  Zergling x4  
  76  5:27  Zergling x2  
  76  5:28  Zergling x6  
  84  5:33  Zergling x6  
  84  5:35  Zergling x2  
  88  5:38  Baneling  
  88  5:39  Zergling x4  
  88  5:42  Baneling, Zergling x2  
  90  5:46  Hydralisk x2  
  90  5:49  Hydralisk  
  85  5:56  Zergling x8  
  84  6:00  Zergling x4  
  82  6:06  Zergling x6  
  82  6:08  Zergling x2  
  82  6:09  Zergling x4  
  82  6:12  Zergling x2  
  82  6:15  Zergling x2  
  81  6:22  Hydralisk  
  79  6:27  Hydralisk  
  79  6:29  Zergling x2  
  78  6:33  Zergling x4  
  79  6:41  Zergling x6  
  79  6:42  Baneling  
  79  6:43  Baneling x3  
  79  6:44  Baneling  
  79  6:45  Baneling  
  79  6:46  Baneling  
  79  6:47  Baneling  
  82  6:49  Baneling x2  
  82  6:53  Baneling x3  
  82  6:54  Zergling x2  
  82  6:56  Baneling  
  82  6:57  Zergling x2  
  82  7:00  Zergling x2  
  85  7:07  Zergling x8  
  85  7:10  Zergling x2  
  85  7:12  Zergling x4  
  85  7:15  Baneling x2  
  84  7:17  Zergling x2  
  84  7:21  Zergling x4  
  87  7:27  Zergling x4  
  87  7:28  Zergling x2  
  84  7:32  Zergling x2  
  84  7:33  Zergling x4  
  84  7:35  Zergling x4  
  79  7:39  Zergling x4  
  79  7:41  Baneling  
  80  7:45  Baneling x5  
  80  7:49  Zergling x2  
  80  7:50  Zergling x2  
  82  7:55  Baneling x5  
  82  7:56  Zergling x2  
  82  7:59  Zergling x2  
  82  8:04  Zergling x4  
  83  8:08  Zergling x4  
  83  8:09  Zergling x2  
  75  8:16  Zergling x4  
  75  8:19  Zergling x2  
  70  8:20  Zergling x2  
  70  8:23  Zergling x6  
  70  8:26  Zergling x4  
  70  8:29  Zergling x2  
  70  8:31  Baneling  
  70  8:32  Baneling  
  66  8:34  Zergling x4  
  66  8:38  Zergling x4  
  66  8:40  Zergling x2  
  70  8:41  Baneling  
  70  8:48  Baneling  
  70  8:49  Baneling  
  70  8:51  Zergling x8  
Tags
 
Add a new tag
Caveats
  • Supply blocks, unpowered buildings, or Contaminate may cause inaccurate times.
  • Supply counts are checked every 10 seconds.